 Dungeon Crawl Stone Soup version 0.19-a0-1568-gdd01aac (webtiles) character file.

102 dvd the Stinger (level 4, -12/27 HPs)
             Began as an Octopode Venom Mage on Sept 15, 2016.
             Blown up by Ijyb (17 damage)
             ... with a wand of disintegration
             ... on level 2 of the Dungeon.
             The game lasted 00:04:48 (1982 turns).

dvd the Stinger (Octopode Venom Mage)               Turns: 1982, Time: 00:04:49

Health: -12/27     AC:  1    Str:  7    XL:     4   Next: 78%
Magic:  1/7        EV: 13    Int: 18    God:
Gold:   109        SH:  0    Dex: 12    Spells: 2 memorised, 2 levels left

rFire  . . .     SeeInvis .     h - +0 dagger
rCold  . . .     Gourm    .     (no shield)
rNeg   . . .     Faith    .     (helmet restricted)
rPois  .         Spirit   .     (no amulet)
rElec  .         Dismiss  .     (no ring)
rCorr  .         Reflect  .     (no ring)
MR     .....     Harm     .     (no ring)
Stlth  ++++......               (no ring)
                                (no ring)
                                (no ring)
                                (no ring)
                                (no ring)

@: no status effects
A: almost no armour, stealthy swim, amphibious, 8 rings, constrict 8, camouflage
1, gelatinous body 1
a: no special abilities


You were on level 2 of the Dungeon.
You were not hungry.

You visited 1 branch of the dungeon, and saw 2 of its levels.

You collected 109 gold pieces.

Inventory:

Hand Weapons
 h - a +0 dagger (weapon)
Missiles
 e - 6 javelins (quivered)
Scrolls
 i - a scroll of recharging {unknown}
 j - 2 scrolls of identify {unknown}
 k - a scroll of amnesia {unknown}
 m - a scroll of teleportation {unknown}
Potions
 c - 2 potions of curing {unknown}
 d - a potion of brilliance {unknown}
 g - a potion of resistance {unknown}
 l - 2 potions of degeneration {unknown}
 n - a potion of flight {unknown}
 o - 2 potions of might {unknown}
Books
 a - a Young Poisoner's Handbook

   Spells                             Type                      Level
   a - Sting                          Conjuration/Poison           1
   b - Mephitic Cloud                 Conjuration/Poison/Air       3
   c - Olgreb's Toxic Radiance        Poison                       4
   d - Alistair's Intoxication        Transmutation/Poison         5
   e - Venom Bolt                     Conjuration/Poison           5
Comestibles
 b - 2 bread rations
 f - a royal jelly
 p - a fruit
 q - 2 chunks of flesh


   Skills:
 + Level 0.2 Fighting
 + Level 0.6 Short Blades
 + Level 2.3 Dodging
 + Level 3.7 Stealth
 + Level 2.3 Spellcasting
 + Level 1.2 Conjurations
 + Level 5.9 Poison Magic


You had 2 spell levels left.
You knew the following spells:

 Your Spells              Type           Power        Failure   Level  Hunger
a - Sting                 Conj/Pois      ###.         4%          1    #......
b - Olgreb's Toxic Radia  Pois           ###.....     17%         4    #####..


Dungeon Overview and Level Annotations

Branches:
Dungeon (2/15)

Altars:

Annotations:
D:1 1 runed door
D:2 Ijyb, Sigmund


Innate Abilities, Weirdness & Mutations

You cannot wear most types of armour.
You are very stealthy in the water.
You are amphibious.
You can wear up to eight rings at the same time.
You can use your tentacles to constrict eight enemies at once.
Your skin changes colour to match your surroundings (Stealth+).
Your rubbery body absorbs attacks. (AC +1, EV +1)


Message History

The sting hits Ijyb.
Ijyb is poisoned.
Ijyb is lightly wounded.
Casting: Sting
Confirm with . or Enter, or press ? or * to list all spells.
You don't have enough magic to cast that spell.
Unknown command.
There are no objects that can be picked up here. an adder corpse Ijyb zaps a wand.
You barely resist.
It is a wand of disintegration.
Ijyb zaps a wand.
You are blasted!
Ouch! That really hurt!
* * * LOW HITPOINT WARNING * * *
Ijyb looks more healthy.
Okay, then.
Unknown command.
Ijyb zaps a wand.
You are blasted!
* * * LOW HITPOINT WARNING * * *
Ijyb zaps a wand.
You are blasted!
Ouch! That really hurt!
You die...

#...)...# ##.##.......>......
#.##.#### #..######.....#.#(
#.##.# ##<# #........#
#.##.########.# ###.......
#.##.......##.## #.##...#
#.##..####.#...# #.###.##
##.##...###.#...#######.###.#
##..###...##.......g.........#
#.........##..@...........#.S#
##........##<......#####..#..##
#.###..######...### #...†...
####.###..# #...# #.##..##
..........# ##### #..........
.<##.###.## #.##....... #.##.#
#.# # ####.... #.##.###)# #.##.
#.#......# #.# .


You could see Ijyb.

Vanquished Creatures
  Natasha (twice) (D:2)
  An adder (D:2)
  A worm (D:2)
  A dart slug (D:2)
  2 giant cockroaches (D:1)
  7 goblins
  5 hobgoblins
  4 jackals (D:2)
  A quokka (D:2)
  3 bats
  4 frilled lizards
  5 kobolds
  A rat (D:1)
37 creatures vanquished.

Notes
Turn   | Place    | Note
-------+----------+-------------------------------------------
     0 | D:1      | dvd the Octopode Venom Mage began the quest for the Orb.
     0 | D:1      | Reached XP level 1. HP: 11/11 MP: 3/3
     1 | D:1      | Found a runed door.
   139 | D:1      | Reached skill level 5 in Poison Magic
   338 | D:1      | Reached XP level 2. HP: 17/17 MP: 3/5
  1092 | D:2      | Reached XP level 3. HP: 20/21 MP: 1/6
  1275 | D:2      | Noticed Natasha
  1283 | D:2      | Killed Natasha
  1283 | D:2      | Reached skill level 1 in Conjurations
  1505 | D:2      | Reached XP level 4. HP: 15/27 MP: 4/7
  1573 | D:2      | Learned a level 4 spell: Olgreb's Toxic Radiance
  1751 | D:2      | Noticed Sigmund
  1954 | D:2      | Noticed Natasha
  1960 | D:2      | Killed Natasha
  1965 | D:2      | Noticed Ijyb
  1982 | D:2      | Blown up by Ijyb

Vault maps used:
D:1:      dpeg_arrival_caged_fury
D:2:      uniq_natasha, uniq_iyjb, uniq_sigmund

Skill      XL: |  1  2  3 |
---------------+----------+-----
Poison Magic   | 5 |  5.9
Stealth        | 3 |  3.7
Conjurations   | 1 |  1.2
Fighting       | |  0.2
Short Blades   | |  0.6
Dodging        | |  2.3
Spellcasting   | |  2.3

Action                   |  1- 3 |  4- 6 || total
-------------------------+-------+-------++-------
Melee: Unarmed           |     7 |       ||     7
       Constrict         |     9 |     2 ||    11
       Dagger            |    26 |     9 ||    35
       Tentacles         |     1 |     3 ||     4
 Cast: Sting             |    29 |    18 ||    47
       Olgreb's Toxic Ra |       |     1 ||     1
 Stab: Sleeping          |     5 |       ||     5
  Eat: Chunk             |     2 |     2 ||     4
Armor: Skin              |     3 |       ||     3
Dodge: Dodged            |    18 |    12 ||    30
